 Dungeon Crawl Stone Soup version 0.20-a0-1109-ge3cd172 (webtiles) character file.

208 Rrauwl the Grave Robber (level 5, -15/30 HPs)
             Began as a Deep Elf Necromancer on May 5, 2017.
             Killed from afar by a frilled lizard (21 damage)
             ... with an exploding inner flame
             ... hexed by the player character
             ... on level 3 of the Dungeon.
             The game lasted 00:10:56 (3073 turns).

Rrauwl the Grave Robber (Deep Elf Necromancer)      Turns: 3073, Time: 00:10:58

Health: -15/30     AC:  2    Str:  6    XL:     5   Next: 55%
Magic:  0/11       EV: 13    Int: 20    God:
Gold:   137        SH:  0    Dex: 15    Spells: 9/10 levels left

rFire    . . .     SeeInvis +   m - +1 dagger (elec)
rCold    . . .     Gourm    .   (no shield)
rNeg     . . .     Faith    .   k - +0 robe
rPois    .         Spirit   +   (no helmet)
rElec    .         Reflect  .   e - scarf {Spirit}
rCorr    .         Harm     .   (no gloves)
MR       .....                  (no boots)
Stlth    +++.......             (no amulet)
Regen    0.1/turn               l - ring of see invisible
MPRegen  0.2/turn               (no ring)

@: no status effects
A: no striking features
a: no special abilities


You were on level 3 of the Dungeon.
You were not hungry.

You visited 1 branch of the dungeon, and saw 3 of its levels.

You collected 137 gold pieces.

Inventory:

Hand Weapons
 m - a +1 dagger of electrocution (weapon)
 p - a +0 shortbow
Missiles
 j - 52 arrows
Armour
 e - a scarf of spirit shield (worn)
 k - a +0 robe (worn)
Jewellery
 l - a ring of see invisible (left hand)
Scrolls
 a - a scroll of immolation
 d - 2 scrolls of identify
 n - a scroll of enchant armour {unknown}
 o - a scroll of fear {unknown}
Potions
 i - a potion of brilliance
Books
 b - a book of Necromancy

   Spells                             Type                      Level
   a - Pain                           Necromancy                   1
   b - Animate Skeleton               Necromancy                   1
   c - Vampiric Draining              Necromancy                   3
   d - Regeneration                   Charms/Necromancy            3
   e - Animate Dead                   Necromancy                   4
   f - Control Undead                 Necromancy                   4
Comestibles
 c - 2 bread rations
 f - 2 chunks of flesh
 g - 8 fruits
 h - a meat ration


   Skills:
 - Level 2.0 Fighting
 + Level 0.4 Short Blades
 + Level 0.7 Bows
 - Level 3.0 Dodging
 + Level 4.5 Stealth
 - Level 3.0 Spellcasting
 + Level 6.1 Necromancy


You had 9 spell levels left.
You knew the following spells:

 Your Spells              Type           Power        Failure   Level  Hunger
a - Pain                  Necr           ####         1%          1    None


Dungeon Overview and Level Annotations

Branches:
Dungeon (3/15)

Altars:

Annotations:
D:3 Sigmund; quacklin's ghost, amateur GrEE


Message History

The blast of sand hits you!
* * * LOW HITPOINT WARNING * * *
Okay, then.
As you read the scroll labeled DAISKO VEHEM, it crumbles to dust.
The creatures around you are filled with an inner flame!
It was a scroll of immolation.
Quacklin's ghost gestures at you while chanting.
The blast of sand hits you!
* * * LOW HITPOINT WARNING * * *
You closely miss the frilled lizard. The frilled lizard bites you.
* * * LOW HITPOINT WARNING * * *
Quacklin's ghost closely misses you.
You hit the frilled lizard.
Lightning courses through the frilled lizard!
The frilled lizard explodes!
The fiery explosion engulfs quacklin's ghost.
Quacklin's ghost is heavily damaged.
The fiery explosion engulfs you!
Ouch! That really hurt!
You die...

....[.#.#.............. ..#
#...........##>...# ########
.####............#(.#.####.......
.................#.........#
#####............#.........#
.................#.........#
#####.........§§§..........#
..............§.W#<#.......#
#####.#.#.#.#..#@#.........#
#####.#.#.#.#..#.###...<...#
....#.#.#.#.#..#.# #######.####
......#.#.#.#..#.# #######....#
......#.#.#.#..#.###..........#
......#.#.#.#.................#
......#.# #.##.#.###......###.#
......#.# #....#........).# .#
......#.# #......###......# #


You could see quacklin's ghost (inner flame).

Vanquished Creatures
  A centaur (D:3)
  Terence (D:3)
  3 adders
  A worm (D:2)
  A dart slug (D:2)
  A leopard gecko (D:1)
  3 giant cockroaches
  10 goblins
  10 hobgoblins
  8 jackals (D:1)
  9 bats
  5 frilled lizards
  10 kobolds
  6 rats
69 creatures vanquished.

Notes
Turn   | Place    | Note
-------+----------+-------------------------------------------
     0 | D:1      | Rrauwl the Deep Elf Necromancer began the quest for the Orb.
     0 | D:1      | Reached XP level 1. HP: 10/10 MP: 6/6
   169 | D:1      | Reached skill level 5 in Necromancy
   205 | D:1      | Reached XP level 2. HP: 10/15 MP: 4/8
   916 | D:1      | Reached XP level 3. HP: 18/19 MP: 6/9
  1717 | D:2      | Reached skill level 1 in Fighting
  1860 | D:2      | Reached XP level 4. HP: 25/25 MP: 10/10
  2517 | D:3      | Noticed a centaur
  2529 | D:3      | Killed a centaur
  2529 | D:3      | Reached skill level 6 in Necromancy
  2529 | D:3      | Reached XP level 5. HP: 3/30 MP: 1/11
  2818 | D:3      | Noticed Sigmund
  2837 | D:3      | Noticed Terence
  2846 | D:3      | Killed Terence
  3060 | D:3      | Noticed quacklin's ghost (amateur GrEE)
  3073 | D:3      | Killed from afar by a frilled lizard

Vault maps used:
D:1:      onia_arrival_mini_spirals, serial_corexii_hall,
          corexii_hall_statues_t, corexii_hall_statues_l, minmay_heptomino_l4
D:2:      first_bread
D:3:      grunt_decor_arrowhead, uniq_sigmund, uniq_terence

Skill      XL: |  1  2  3  4  5 |
---------------+----------------+-----
Necromancy     | 5 6 |  6.1
Dodging        | 3 |  3.0
Stealth        | 3 4 |  4.5
Fighting       | 1 2 |  2.0
Short Blades   | |  0.4
Bows           | |  0.7
Spellcasting   | |  3.0

Action                   |  1- 3 |  4- 6 || total
-------------------------+-------+-------++-------
Melee: Short sword       |    12 |       ||    12
       Unarmed           |     2 |       ||     2
       Dagger            |    26 |    61 ||    87
 Cast: Pain              |    50 |     2 ||    52
  Use: Scroll            |     3 |     1 ||     4
       Potion            |     1 |     3 ||     4
 Stab: Sleeping          |     3 |     8 ||    11
       Distracted        |       |     1 ||     1
  Eat: Chunk             |     3 |     4 ||     7
Armor: Robe              |     1 |     8 ||     9
Dodge: Dodged            |    26 |    29 ||    55
